 Dungeon Crawl Stone Soup version 0.17-a0-1951-g62301d3 (webtiles) character file.

74 derrpe the Sneak (level 4, -6/21 HPs)
             Began as a Vine Stalker Enchanter on Oct 3, 2015.
             Mangled by Sigmund
             ... wielding a cursed -1 scythe
              (9 damage)
             ... on level 3 of the Dungeon.
             The game lasted 00:04:16 (2006 turns).

derrpe the Sneak (Vine Stalker Enchanter)           Turns: 2006, Time: 00:04:17

Health: -6/21      AC:  4    Str: 10    XL:     4   Next: 30%
Magic:  0/8        EV: 12    Int: 16    God:
Gold:   96         SH:  0    Dex: 19    Spells: 3 memorised, 1 level left

rFire  . . .     SeeInvis .     a - +1 dagger
rCold  . . .     Clarity  .     l - +0 leather armour
rNeg   . . .     SustAt   .     (no shield)
rPois  .         Gourm    .     (no helmet)
rElec  .         Spirit   +     f - +0 cloak
rCorr  .         Warding  .     (no gloves)
rMut   .         Stasis   .     (no boots)
MR     .....                    (no amulet)
Stlth  +++.......               (no ring)
                                m - +4 ring of dexterity

@: very slightly contaminated, not resistant to hostile enchantments, fairly
stealthy
A: fangs 2, regeneration 1, magic shield, antimagic bite, no device heal 3, rot
immunity
a: no special abilities


You were on level 3 of the Dungeon.
You were not hungry.

You visited 1 branch of the dungeon, and saw 3 of its levels.

You collected 96 gold pieces.

Inventory:

Hand weapons
 a - a +1 dagger (weapon)
Armour
 b - a +1 robe
 f - a +0 cloak (worn)
 l - a +0 leather armour (worn)
Jewellery
 m - a +4 ring of dexterity (left hand)
Scrolls
 e - 3 scrolls of teleportation {unknown}
 g - 2 scrolls of remove curse {unknown}
 i - 2 scrolls of fog {unknown}
 n - 2 scrolls of identify {unknown}
 o - a scroll of immolation {unknown}
Potions
 j - a potion of agility {unknown}
 k - a potion of haste {unknown}
 q - a potion of mutation {unknown}
Books
 c - a book of Maledictions

   Spells                             Type                      Level
   a - Corona                         Hexes                        1
   b - Ensorcelled Hibernation        Hexes/Ice                    2
   c - Confuse                        Hexes                        3
   d - Tukima's Dance                 Hexes                        3
   e - Dazzling Spray                 Conjuration/Hexes            3
Comestibles
 d - 2 bread rations {@e1}
 p - 2 chunks of flesh {@w0}


   Skills:
 - Level 0.8 Short Blades
 - Level 1.5 Dodging
 + Level 4.3 Stealth
 - Level 2.1 Spellcasting
 + Level 4.2 Hexes
 + Level 1.4 Ice Magic


You had one spell level left.
You knew the following spells:

 Your Spells              Type           Power        Failure   Level  Hunger
a - Corona                Hex            ###....      6%          1    #......
b - Ensorcelled Hibernat  Hex/Ice        ##....       17%         2    ###....
c - Confuse               Hex            ###.....     17%         3    ###....


Dungeon Overview and Level Annotations

Branches:
Dungeon (3/15)

Altars:
Kikubaaqudgha

Annotations:
D:3 Sigmund


Innate Abilities, Weirdness & Mutations

You have extremely sharp teeth.
Your natural rate of healing is unusually fast.
When hurt, damage is shared between your health and your magic reserves.
Your bite disrupts and absorbs the magic of your enemies.
Potions and wands cannot restore your health.
You are immune to rotting.


Message History

Sigmund hits you with an enchanted scythe.
Unknown command.
Drink which item? (? for menu, Esc to quit)
Okay, then.
Sigmund gestures wildly while chanting.
Sigmund flickers and vanishes!
Deactivating autopickup; reactivate with Ctrl-A.
Unknown command.
You hear some strange, mumbled words.
A magic dart appears from out of thin air!
The magic dart hits you!
Unknown command.
Something hits you!
* * * LOW HITPOINT WARNING * * *
Unknown command.
Drink which item? (? for menu, Esc to quit)
It was a potion of cure mutation.
It has a very clean taste.
You feel less confused. Something hits you!
You die...

.... # ....
#. ...# #.
#..##
#.##...#
#....#.#
#.#..#...#
#....@<#
##..{.<..#
.......#...#
#.#.#......#
#..
#.....#.. ##
##########


There were no monsters in sight!

Vanquished Creatures
  A gnoll (D:1)
  3 adders (D:2)
  A giant cockroach (D:1)
  7 goblins (D:1)
  10 hobgoblins
  2 kobolds
  A ball python (D:1)
  6 bats (D:1)
  4 giant newts
  3 jackals (D:2)
  3 rats
41 creatures vanquished.

Vanquished Creatures (others)
  5 toadstools (D:1)
5 creatures vanquished.

Grand Total: 46 creatures vanquished

Notes
Turn   | Place    | Note
--------------------------------------------------------------
     0 | D:1      | derrpe the Vine Stalker Enchanter began the quest for the Orb.
     0 | D:1      | Reached XP level 1. HP: 9/9 MP: 4/4
   165 | D:1      | Reached XP level 2. HP: 13/13 MP: 6/6
   280 | D:1      | Learned a level 2 spell: Ensorcelled Hibernation
   591 | D:1      | Reached skill level 4 in Stealth
   591 | D:1      | Reached XP level 3. HP: 16/16 MP: 0/7
   895 | D:1      | Reached skill level 1 in Ice Magic
  1199 | D:2      | Learned a level 3 spell: Confuse
  1356 | D:2      | Found an ancient bone altar of Kikubaaqudgha.
  1501 | D:2      | Reached XP level 4. HP: 19/21 MP: 1/8
  1995 | D:3      | Noticed Sigmund
  2006 | D:3      | Mangled by Sigmund

Vault maps used:
D:1:      ldierk_walled_garden
D:2:      overflow_temple_1_default, first_bread, minmay_ruptured
D:3:      serial_bayou_crossing, uniq_sigmund

Action                   |  1- 3 |  4- 6 || total
-------------------------+-------+-------++-------
Melee: Dagger            |    97 |    30 ||   127
 Cast: Corona            |     9 |       ||     9
       Ensorcelled Hiber |     7 |     9 ||    16
       Confuse           |       |     1 ||     1
  Use: Potion            |       |     1 ||     1
 Stab: Sleeping          |    10 |     6 ||    16
  Eat: Chunk             |     2 |     3 ||     5
